 Dungeon Crawl Stone Soup version 0.25.0-15-gac7dcb8919 (webtiles) character file.

Game seed: 16596320301921311236

211 Dirian the Cudgeler (level 5, -2/33 HPs)
             Began as a Gargoyle Monk on June 28, 2020.
             Killed by divine providence
             ... invoked by an orc priest
              (15 damage)
             ... on level 3 of the Dungeon.
             The game lasted 00:04:32 (2954 turns).

Dirian the Cudgeler (Gargoyle Monk)                 Turns: 2954, Time: 00:04:32

Health: -2/33      AC: 10    Str: 13 (15) XL:     5   Next: 88%
Magic:  5/5        EV: 12    Int: 11      God:
Gold:   186        SH:  0    Dex: 11 (12) Spells: 4/4 levels left

rFire    . . .     SeeInvis .   t - +0 flail
rCold    . . .     Gourm    .   (no shield)
rNeg     + . .     Faith    .   p - +0 leather armour
rPois    ∞         Spirit   .   l - +0 helmet
rElec    +         Reflect  .   c - +0 cloak
rCorr    .         Harm     .   s - +0 pair of gloves
MR       .....                  (no boots)
Stlth    ++........             (no amulet)
HPRegen  0.11/turn              (no ring)
MPRegen  0.09/turn              (no ring)

@: no status effects
A: negative energy resistance 1, electricity resistance, unbreathing,
petrification resistance, rot immunity, AC +4
a: no special abilities


You were on level 3 of the Dungeon.
You were not hungry.

You visited 1 branch of the dungeon, and saw 3 of its levels.

You collected 186 gold pieces.

Inventory:

Hand Weapons
 a - a +0 mace
 t - a +0 flail (weapon)
Armour
 c - a +0 cloak (worn)
 f - a +0 plate armour
 l - a +0 helmet (worn)
 p - a +0 leather armour (worn)
 s - a +0 pair of gloves (worn)
 x - a +0 chain mail
Jewellery
 i - an uncursed ring of magical power {unknown}
 m - a +4 ring of evasion {unknown}
 q - a cursed ring of attention {unknown}
 u - an uncursed amulet of magic regeneration {unknown}
Scrolls
 b - 3 scrolls of enchant weapon {unknown}
 d - a scroll of fog {unknown}
 g - a scroll of fear {unknown}
 j - 3 scrolls of remove curse {unknown}
 k - 5 scrolls of identify {unknown}
 v - a scroll of immolation {unknown}
Potions
 h - a potion of invisibility {unknown}
 n - a potion of lignification {unknown}
 o - a potion of flight {unknown}
 r - a potion of berserk rage {unknown}
 w - a potion of heal wounds
Comestibles
 e - 5 rations


   Skills:
 + Level 3.8 Fighting
 * Level 5.5 Maces & Flails
 * Level 2.4 Armour
 - Level 2.4 Dodging
 - Level 2.1 Stealth


You had 4 spell levels left.
You didn't know any spells.
Your spell library was empty.

Dungeon Overview and Level Annotations

Branches:
Dungeon (3/15)

Altars:
Ru
Wu Jian
Beogh


Innate Abilities, Weirdness & Mutations

You are resistant to torment.
Your stone body is resilient. (AC +4)
You are immune to poison.
You resist negative energy. (rN+)
You are resistant to electric shocks. (rElec)
You can survive without breathing.
You are immune to petrification.
You are immune to rotting.


Message History

An orc is nearby! 2 orcs come into view.
The orc shouts! x4; You hear a shout! x2
Things that are here:
a +0 club; a +0 hunting sling; 9 sling bullets A bat, a worm, a kobold and an orc priest come into view.
The kobold is quivering 3 poisoned darts.
The orc priest is wielding a +1 vorpal mace.
The orc shouts!
The orc priest shouts!
The kobold throws a poisoned dart.
The poisoned dart barely misses you.
Found a scroll labeled BOAGIT JOPYQ.
You sock the bat!
You kill the bat!
The orc hits you with a +0 mace. The orc hits you but does no damage.
A hobgoblin comes into view. It is wielding a +0 club.
The orc priest calls down the wrath of Beogh upon you.
Beogh smites you!
The orc priest mumbles some strange prayers to Beogh against you.
Beogh smites you!
You die...

#......#####.####.(<...##.#.....≈
######.......>.##.......#........
####...##.##....#.......##≈.
#....####.##.###......#....≈
#.#### #.#..#....#.#..###≈. #
........#..#.......
....######.#####....
#..#..##....# ###..
##.#.##@......### #..
.....g.....##...# #..
####.##o#######.######≈. ..
#o#####........... #.
#o##..)...........
..#####o#..##(((.....#..
###..(o.o.(.(.....(..>.#
#.....K#########..#####
......#.?...# #...##


You could see an orc priest, 5 orcs, a hobgoblin (asleep) and a kobold.

Vanquished Creatures
  An orc wizard (D:2)
  An orc priest (D:3)
  Natasha (thrice) (D:2)
  2 adders (D:3)
  A worm (D:2)
  2 dart slugs
  2 leopard geckos (D:1)
  4 orcs
  5 bats
  7 goblins
  9 hobgoblins
  2 jackals (D:2)
  2 kobolds
  2 frilled lizards (D:1)
  A leopard gecko zombie (D:3)
  4 rats
48 creatures vanquished.

Notes
Turn   | Place    | Note
-------+----------+-------------------------------------------
     0 | D:1      | Dirian the Gargoyle Monk began the quest for the Orb.
     0 | D:1      | Reached XP level 1. HP: 14/14 MP: 1/1
   111 | D:1      | Reached XP level 2. HP: 14/19 MP: 2/2
   625 | D:1      | Reached skill level 1 in Armour
   932 | D:2      | Found a sacrificial altar of Ru.
   936 | D:2      | Reached XP level 3. HP: 23/23 MP: 3/3
   999 | D:2      | Found an ornate altar of the Wu Jian Council.
  1120 | D:2      | You fall into a shaft and drop 1 floor!
  1155 | D:2      | Reached skill level 4 in Maces & Flails
  1398 | D:2      | Noticed Natasha
  1428 | D:2      | Killed Natasha
  1428 | D:2      | Reached XP level 4. HP: 17/28 MP: 4/4
  1450 | D:2      | Noticed Natasha
  1558 | D:2      | Killed Natasha
  1561 | D:2      | Noticed Natasha
  1796 | D:2      | Killed Natasha
  1796 | D:2      | Reached XP level 5. HP: 31/33 MP: 5/5
  1979 | D:3      | Reached skill level 5 in Maces & Flails
  2156 | D:3      | Found a roughly hewn altar of Beogh.
  2954 | D:3      | Killed from afar by an orc priest

Illustrated notes

Levels and vault maps discovered:
D:1:      dpeg_arrival_pond, layout_loops_ring, minmay_misc_feat_tower
D:2:      layout_rooms, nicolae_ru_awakened_eye, nicolae_overflow_crystal_walls,
          chequers_garden, uniq_natasha
D:3:      layout_rooms, chequers_serial_rivers_small_3, interstate_on_off,
          kennysheep_orc_chapel

Skill      XL: |  1  2  3  4  5 |
---------------+----------------+-----
Armour         | 1 2 |  2.4
Maces & Flails | 4 5 |  5.5
Fighting       | |  3.8
Dodging        | |  2.4
Stealth        | |  2.1

Action                   |  1- 3 |  4- 6 || total
-------------------------+-------+-------++-------
Melee: Mace              |    89 |       ||    89
       Flail             |    10 |    86 ||    96
  Use: Potion            |     3 |       ||     3
 Stab: Sleeping          |     5 |       ||     5
  Eat: Chunk             |     2 |     5 ||     7
Armor: Robe              |    17 |       ||    17
       Leather armour    |    32 |    36 ||    68
Dodge: Dodged            |    73 |    58 ||   131
